 Dungeon Crawl Stone Soup version 0.31-a0-1611-g890cdf5628 (webtiles) character file.

Game seed: 15924099538736904808

96 DiggyJ the Shield-Bearer (level 4, 0/39 (41) HPs)
             Began as a Gnoll Fighter on Jan 8, 2024.
             Succumbed to Crazy Yiuf's poison
             ... on level 2 of the Dungeon.
             The game lasted 00:04:30 (1792 turns).

DiggyJ the Shield-Bearer (Gnoll Fighter)            Turns: 1792, Time: 00:04:31

HP:   0/39 (41)     AC:  9    Str: 18    XL:     4   Next: 67%
MP:   5/5           EV:  9    Int:  7    God:
Gold: 65            SH:  5    Dex: 11    Spells: 5/5 levels left

rFire   + . .        l - +5 hand axe (heavy)
rCold   + . .        c - +0 buckler
rNeg    . . .        b - +0 scale mail
rPois   +            (no helmet)
rElec   +            g - +0 cloak
rCorr   +            (no gloves)
SInv    .            (no boots)
Will    .....        (no amulet) Stlth
                     (no ring)
HPRegen 0.26/turn    (no ring)
MPRegen 0.09/turn

%: no passive effects
@: mighty, lethally poisoned (0 -> -3), resistant, slowed, lightly drained, very
slow
A: fangs 1, strong nose, distributed training
a: no special abilities


You were on level 2 of the Dungeon.
You visited 1 branch of the dungeon, and saw 2 of its levels.

You collected 65 gold pieces.

Inventory:

Hand Weapons
 a - a +0 war axe
 h - a +1 vampiric spear
 i - a +0 short sword of speed
 l - a +5 heavy hand axe (weapon)
Armour
 b - a +0 scale mail (worn)
 c - a +0 buckler (worn)
 g - a +0 cloak (worn)
Talismans
 j - a maw talisman
 n - a maw talisman
Scrolls
 e - a scroll of teleportation {unknown}
 k - a scroll of identify {unknown}
Potions
 d - a potion of might
 f - a potion of mutation {unknown}
 m - 2 potions of curing {unknown}


   Skills:
 + Level 6.6 Fighting
 + Level 1.2 Short Blades
 + Level 1.2 Long Blades
 + Level 4.7 Axes
 + Level 1.2 Maces & Flails
 + Level 1.2 Polearms
 + Level 1.2 Staves
 + Level 1.2 Ranged Weapons
 + Level 1.2 Throwing
 + Level 6.6 Armour
 + Level 1.2 Dodging
 + Level 1.2 Stealth
 + Level 6.6 Shields
 + Level 1.2 Unarmed Combat
 + Level 1.2 Spellcasting
 + Level 1.0 Conjurations
 + Level 1.0 Hexes
 + Level 1.0 Summonings
 + Level 1.0 Necromancy
 + Level 1.0 Translocations
 + Level 1.0 Fire Magic
 + Level 1.0 Ice Magic
 + Level 1.0 Air Magic
 + Level 1.0 Earth Magic
 + Level 1.0 Alchemy
 + Level 1.4 Invocations
 + Level 1.2 Evocations
 + Level 1.1 Shapeshifting


You had 5 spell levels left.
You didn't know any spells.
Your spell library was empty.

Dungeon Overview and Level Annotations

Branches:
Dungeon (2/15)

Altars:

Annotations:
D:2 Crazy Yiuf


Innate Abilities, Weirdness & Mutations

You have very sharp teeth.
Your uncanny sense of smell can sniff out nearby items.
Your experience applies equally to all skills.


Message History

Crazy Yiuf shouts!
No reachable target in view!
No reachable target in view!
As you open the door, it creaks loudly!
Crazy Yiuf hits you with a +2 quarterstaff of chaos!
You feel protected.
There is an open translucent door here.
You hit Crazy Yiuf.
Crazy Yiuf is lightly wounded.
Crazy Yiuf cries, "You leg down broken song, no?"
Crazy Yiuf hits you with a +2 quarterstaff of chaos.
You barely miss Crazy Yiuf.
Crazy Yiuf is lightly wounded.
Crazy Yiuf hits you with a +2 quarterstaff of chaos.
Crazy Yiuf glowers.
Crazy Yiuf hits you but does no damage.
You hit Crazy Yiuf. You bite Crazy Yiuf, but do no damage.
Crazy Yiuf is moderately wounded.
Crazy Yiuf barely misses you.
Crazy Yiuf says, "Crazy?
Crazy!?
PORCUPINE!"
Crazy Yiuf hits you with a +2 quarterstaff of chaos!
You feel yourself slow down.
You barely miss Crazy Yiuf.
Crazy Yiuf is moderately wounded.
Crazy Yiuf hits you but does no damage.
You are poisoned.
Crazy Yiuf hits you with a +2 quarterstaff of chaos.
You feel drained.
You barely miss Crazy Yiuf.
Crazy Yiuf is moderately wounded.
You feel very sick. Crazy Yiuf barely misses you.
Crazy Yiuf hits you with a +2 quarterstaff of chaos.
* * * LOW HITPOINT WARNING * * *
Crazy Yiuf hits you with a +2 quarterstaff of chaos!
* * * LOW HITPOINT WARNING * * *
You feel very mighty all of a sudden.
You slash Crazy Yiuf! Your bite misses Crazy Yiuf.
Crazy Yiuf is almost dead.
You die...

##.# #....#
#.# #.# #
...# #....#
#.###.# #
.### ##...#
##.##..# #
.# ##.##
#....P.## #
.# ##.#
##...♣..# #
.# #.##
##.♣_P♣P# #
.# #######
##.#
#.....♣.####
.# #.....#
#.##
#...........
.# #.#####
#@#
#...P.)..###
.# #..##
#.g.#
#....#######
.## ##.#.##
#...#
#........##.
..# #.###.#
#)..#
########.##.
#.# ##.#.##
##### #....
#.# ##.##
##### #.#
#.#
###########
#.# #.#
#.........#
#.# #[#
#########.#


You could see Crazy Yiuf.

Vanquished Creatures
  Terence (D:2)
  A gnoll (D:1)
  A ribbon worm (D:2)
  8 bats
  9 endoplasms
  A hobgoblin (D:1)
  4 jackals (D:1)
  A quokka (D:1)
  6 ball pythons
  3 frilled lizards
  7 goblins
  6 kobolds (D:1)
  8 rats (D:1)
56 creatures vanquished.

Notes
Turn   | Place    | Note
-------+----------+-------------------------------------------
     0 | D:1      | DiggyJ the Gnoll Fighter began the quest for the Orb.
     0 | D:1      | Reached XP level 1. HP: 23/23 MP: 1/1
   201 | D:1      | Reached XP level 2. HP: 29/29 MP: 2/2
   277 | D:1      | Reached XP level 3. HP: 31/35 MP: 3/3
   316 | D:1      | Reached skill level 1 in Invocations
   510 | D:1      | Reached skill level 1 in Short Blades
   510 | D:1      | Reached skill level 1 in Long Blades
   510 | D:1      | Reached skill level 1 in Maces & Flails
   510 | D:1      | Reached skill level 1 in Polearms
   510 | D:1      | Reached skill level 1 in Staves
   510 | D:1      | Reached skill level 1 in Ranged Weapons
   510 | D:1      | Reached skill level 1 in Throwing
   510 | D:1      | Reached skill level 1 in Dodging
   510 | D:1      | Reached skill level 1 in Stealth
   510 | D:1      | Reached skill level 1 in Unarmed Combat
   510 | D:1      | Reached skill level 1 in Spellcasting
   510 | D:1      | Reached skill level 1 in Evocations
   983 | D:2      | Reached skill level 1 in Shapeshifting
   983 | D:2      | Reached XP level 4. HP: 41/41 MP: 5/5
  1145 | D:2      | Noticed Terence
  1177 | D:2      | Killed Terence
  1178 | D:2      | Reached skill level 1 in Conjurations
  1178 | D:2      | Reached skill level 1 in Hexes
  1178 | D:2      | Reached skill level 1 in Summonings
  1178 | D:2      | Reached skill level 1 in Necromancy
  1178 | D:2      | Reached skill level 1 in Translocations
  1178 | D:2      | Reached skill level 1 in Fire Magic
  1178 | D:2      | Reached skill level 1 in Ice Magic
  1178 | D:2      | Reached skill level 1 in Air Magic
  1178 | D:2      | Reached skill level 1 in Earth Magic
  1178 | D:2      | Reached skill level 1 in Alchemy
  1279 | D:2      | Found a faded altar of an unknown god.
  1358 | D:2      | Found a runed translucent door.
  1359 | D:2      | Noticed Crazy Yiuf
  1792 | D:2      | Succumbed to Crazy Yiuf's poison

Illustrated notes

Levels and vault maps discovered:
D:1:      dpeg_cavernosity, layout_rooms
D:2:      layout_loops_ring, ebering_ecumenical_altar_petrified,
          uniq_crazy_yiuf_cottage, uniq_terence

Skill      XL: |  1  2  3  4 |
---------------+-------------+-----
Invocations    | 1 |  1.4
Short Blades   | 1 |  1.2
Long Blades    | 1 |  1.2
Maces & Flails | 1 |  1.2
Polearms       | 1 |  1.2
Staves         | 1 |  1.2
Ranged Weapons | 1 |  1.2
Throwing       | 1 |  1.2
Dodging        | 1 |  1.2
Stealth        | 1 |  1.2
Unarmed Combat | 1 |  1.2
Spellcasting   | 1 |  1.2
Evocations     | 1 |  1.2
Shapeshifting  | 1 |  1.1
Conjurations   | 1 |  1.0
Hexes          | 1 |  1.0
Summonings     | 1 |  1.0
Necromancy     | 1 |  1.0
Translocations | 1 |  1.0
Fire Magic     | 1 |  1.0
Ice Magic      | 1 |  1.0
Air Magic      | 1 |  1.0
Earth Magic    | 1 |  1.0
Alchemy        | 1 |  1.0
Fighting       | |  6.6
Axes           | |  4.7
Armour         | |  6.6
Shields        | |  6.6

Action                     |  1- 3 |  4- 6 || total
---------------------------+-------+-------++-------
  Melee: War axe           |   107 |       ||   107
         Bite              |     8 |     6 ||    14
         Short sword       |    12 |    65 ||    77
         Hand axe          |       |    15 ||    15
 Armour: Scale mail        |    84 |    41 ||   125
  Dodge: Dodged            |    51 |    23 ||    74
  Block: Buckler           |    39 |    12 ||    51

Table legend: (Time is in decaauts)
 A = Elapsed time spent in this place.
 B = Non-inter-level travel time spent in this place.
 C = Inter-level travel time spent in this place.
 D = Time resting spent in this place.
 E = Time spent auto-exploring this place.
 F = Levels seen in this place.
 G = Mean time per level.
                   A        B        C        D        E       F      G
               +--------+--------+--------+--------+--------+-----+--------+
         Total |   1809 |   1781 |     28 |      0 |   1299 |   2 |  904.5 |
       Dungeon |   1809 |   1781 |     28 |      0 |   1299 |   2 |  904.5 |
               +--------+--------+--------+--------+--------+-----+--------+

Top non-repeatable levels by time:
     D:2: 934 daAuts
     D:1: 874 daAuts
